 Dungeon Crawl Stone Soup version 0.28.0 (webtiles) character file.

Game seed: 17597157716739803442

63 RighteousDevil the Ducker (level 4, -4/52 HPs)
             Began as a Djinni Monk on Feb 7, 2022.
             Was a Believer of Makhleb.
             Slain by an iguana (5 damage)
             ... on level 1 of the Dungeon.
             The game lasted 00:03:27 (1775 turns).

RighteousDevil the Ducker (Djinni Monk)             Turns: 1775, Time: 00:03:28

Health: -4/52      AC: 22    Str: 12    XL:     4   Next: 30%
Gold:   51         EV:  2    Int: 17    God:    Makhleb [**....] SH:  0 Dex: 16

rFire   . . .      SeeInvis .   a - +0 falchion
rCold   . . .      Faith    .   (no shield)
rNeg    . . .      Spirit   .   (armour currently unavailable)
rPois   ∞          Reflect  .   (helmet currently unavailable)
rElec   .          Harm     .   (cloak currently unavailable)
rCorr   .          Rampage  .   (gloves currently unavailable)
Will    .....      NoTele   +   (boots unavailable)
Stlth   ++........              (no amulet)
HPRegen 0.17/turn               h - +6 ring of intelligence
MPRegen 0.00/turn               (no ring)

@: tree-form, attractive
A: stationary, stasis, torment immunity, boosted hp, sickness immunity, (fire
resistance 2), (cold vulnerability 1), float, innate caster, HP casting, extra
vitality 1
a: Renounce Religion, Minor Destruction


You were on level 1 of the Dungeon.
You worshipped Makhleb.
Makhleb was pleased with you.
You were a tree.
You visited 1 branch of the dungeon, and saw 2 of its levels.

You collected 51 gold pieces.

Inventory:

Hand Weapons
 a - a +0 falchion (weapon)
Armour
 b - a +0 robe (melded)
Jewellery
 h - a +6 ring of intelligence (left branch)
Potions
 i - a potion of brilliance


   Skills:
 + Level 3.5 Fighting
 + Level 3.2 Long Blades
 + Level 3.9 Dodging
 - Level 1.5 Stealth
 - Level 1.0 Spellcasting
 + Level 0.2 Invocations


You had 4 spell levels left.
You knew the following spells:

 Your Spells              Type           Power      Damage    Failure   Level
a - Apportation           Tloc           8%         N/A       14%         1
Your spell library was empty.

Dungeon Overview and Level Annotations

Branches:
Dungeon (2/15)

Altars:
Makhleb


Innate Abilities, Weirdness & Mutations

You are a tree.
Your roots penetrate the ground, keeping you stationary.
You cannot be teleported.
You are immune to unholy pain and torment.
Your maximum health is greatly increased.
Your equipment is partially melded.
You are immune to sickness and miasma.
You are immune to poison.
((Your flesh is very heat resistant. (rF++)))
((You are vulnerable to cold. (rC-)))
You float through the air rather than walking.
You learn spells naturally, not from books.
Your magical power is your life essence.
You have superior vitality. (+4 MHP)


Message History

You feel a little less clever now.
You start resting.
You start resting.
HP restored.
You fly downwards.
The iguana bites you!
The iguana hisses menacingly.
The iguana barely misses you. The frilled lizard misses you.
There is a stone staircase leading up here.
The iguana closely misses you. The frilled lizard barely misses you.
You fly upwards.
There is a stone staircase leading down here.
The iguana misses you.
The frilled lizard completely misses you.
You hit the iguana but do no damage. The iguana bites you!
You barely miss the iguana. The iguana closely misses you.
You closely miss the iguana. The iguana bites you!
* * * LOW HITPOINT WARNING * * *
You aren't carrying any scrolls.
Unknown command.
It was a potion of attraction.
You feel attractive to monsters. The iguana misses you.
It was a potion of lignification.
You turn into a tree.
Your +0 robe melds into your body.
Your roots penetrate the ground.
The iguana bites you but does no damage.
Unknown command.
Unknown command.
Unknown command.
Okay, then.
You aren't carrying any scrolls.
You aren't carrying any items that you can evoke.
You hit the iguana but do no damage.
The iguana bites you but does no damage.
You hit the iguana but do no damage. You punch the iguana, but do no damage.
The iguana bites you.
* * * LOW HITPOINT WARNING * * *
You hit the iguana but do no damage.
The iguana bites you but does no damage.
You hit the iguana but do no damage. The iguana bites you.
You die...

######## ####...†..##### ######
#.............# #....#
#......##.#...# #....#
#.......#.#...# #....#
#.....#.#.#...########..).#
#.....#.#.#...##....##.)..#
#.....#.#.#.####....##....#####
#.......#>..ll♣'....''....'....
####+#.##.#.####....##....#####
#.#.##...........+.......... ##
#.#.####.#.......###########
.#####.#......+.......# #...
.....#.#..###.#...##### ###...
.###.#.#..#.#.#...##########.(...
.#..........#.#.......##..##.....
.#.#.#....#.#.#...#...##..##....(


You could see an iguana and a frilled lizard.

Vanquished Creatures
  3 adders (D:2)
  A dart slug (D:1)
  3 endoplasms (D:1)
  3 goblins (D:1)
  5 hobgoblins (D:1)
  3 quokkas
  2 ball pythons
  2 bats (D:1)
  3 frilled lizards (D:1)
  4 kobolds (D:1)
  4 rats
33 creatures vanquished.

Vanquished Creatures (others)
  44 plants (D:2)
44 creatures vanquished.

Grand Total: 77 creatures vanquished

Notes
Turn   | Place    | Note
-------+----------+-------------------------------------------
     0 | D:1      | RighteousDevil the Djinni Monk began the quest for the Orb.
     0 | D:1      | Reached XP level 1. HP: 20/20 MP: 0/0
   193 | D:1      | Reached XP level 2. HP: 25/25 MP: 0/0
   679 | D:1      | Reached XP level 3. HP: 30/30 MP: 0/0
   679 | D:1      | Learned a level 1 spell: Apportation
  1012 | D:1      | Found a faded altar of an unknown god.
  1015 | D:1      | Prayed at the altar of an unknown god.
  1015 | D:1      | Became a worshipper of Makhleb the Destroyer
  1015 | D:1      | Reached * piety under Makhleb
  1015 | D:1      | Reached ** piety under Makhleb
  1526 | D:2      | Reached skill level 1 in Spellcasting
  1526 | D:2      | Reached XP level 4. HP: 35/35 MP: 0/0
  1769 | D:1      | HP: 1/35 [iguana (12)]
  1775 | D:1      | Slain by an iguana

Illustrated notes

Levels and vault maps discovered:
D:1:      lightli_iron_boxes, layout_basic,
          shapermc_ecumenical_altar_mp_ritualfount, bh_walls_and_bars
D:2:      wad_woods_stonehenge, layout_basic

Skill      XL: |  1  2  3 |
---------------+----------+-----
Long Blades    | 3 |  3.2
Spellcasting   | 1 |  1.0
Fighting       | |  3.5
Dodging        | |  3.9
Stealth        | |  1.5
Invocations    | |  0.2

Action                   |  1- 3 |  4- 6 || total
-------------------------+-------+-------++-------
Melee: Falchion          |    87 |    15 ||   102
       Punch             |     1 |     1 ||     2
  Use: Scroll            |     4 |       ||     4
       Potion            |       |     3 ||     3
 Stab: Sleeping          |     7 |       ||     7
Armor: Robe              |    20 |     1 ||    21
       Skin              |       |     3 ||     3
Dodge: Dodged            |    56 |    14 ||    70
